 Dungeon Crawl Stone Soup version 0.25.1-2-g60ff931df9 (webtiles) character file.

Game seed: 4095407275047428021

100 Kaliet the Ruffian (level 4, -2/45 HPs)
             Began as a Troll Monk on Nov 8, 2020.
             Killed by divine providence
             ... invoked by an orc priest
              (10 damage)
             ... on level 4 of the Dungeon.
             The game lasted 00:12:11 (2220 turns).

Kaliet the Ruffian (Troll Monk)                     Turns: 2220, Time: 00:12:13

Health: -2/45      AC:  6    Str: 20    XL:     4   Next: 47%
Magic:  3/3        EV:  6    Int:  6    God:
Gold:   125        SH: 11    Dex: 12    Spells: 3/3 levels left

rFire    . . .     SeeInvis .     - Unarmed
rCold    . . .     Gourm    +   l - +0 tower shield
rNeg     . . .     Faith    .   a - +0 robe
rPois    +         Spirit   .   (helmet restricted)
rElec    .         Reflect  .   (no cloak)
rCorr    .         Harm     .   (gloves unavailable)
MR       .....                  (boots unavailable)
Stlth    ++........             (no amulet)
HPRegen  0.55/turn              c - ring of poison resistance
MPRegen  0.08/turn              (no ring)

@: no status effects
A: large, unfitting armour, claws 3, fast metabolism 3, gourmand, regeneration
1, shaggy fur 1, tough skin 3
a: no special abilities


You were on level 4 of the Dungeon.
You were full.

You visited 1 branch of the dungeon, and saw 4 of its levels.

You collected 125 gold pieces.

Inventory:

Armour
 a - a +0 robe (worn)
 l - a +0 tower shield (worn)
Jewellery
 c - a ring of poison resistance (left claw)
Wands
 g - a wand of digging (6)
Scrolls
 f - 2 scrolls of teleportation
 i - 3 scrolls of identify
 j - a scroll of fog {unknown}
 k - a scroll of magic mapping
 m - a scroll of remove curse
Potions
 d - a potion of flight {unknown}
 e - a potion of cancellation {unknown}
 h - a potion of ambrosia {unknown}
Comestibles
 b - 5 rations


   Skills:
 + Level 3.0 Fighting
 + Level 3.0 Dodging
 + Level 1.4 Stealth
 + Level 4.0 Unarmed Combat


You had 3 spell levels left.
You didn't know any spells.
Your spell library contained the following spells:

 Spells                   Type           Power        Failure   Level  Hunger
 Magic Dart               Conj           #...         100%        1    ##.....
 Blink                    Tloc           N/A          100%        2    ###....
 Call Imp                 Summ           #.......     100%        2    ###....
 Slow                     Hex            #.......     100%        2    ###....
 Conjure Flame            Conj/Fire      #.......     100%        3    ####...
 Mephitic Cloud           Conj/Pois/Air  #.......     100%        3    ####...


Dungeon Overview and Level Annotations

Branches:
Dungeon (4/15)
 Temple: D:4-7

Altars:
Kikubaaqudgha


Innate Abilities, Weirdness & Mutations

You are too large for most types of armour.
You have claws for hands.
Your metabolism is lightning-fast.
You like to eat raw meat.
Your natural rate of healing is unusually fast.
You are covered in fur. (AC +1)
You have extremely tough skin. (AC +3)


Message History

The orc priest hits you with a +0 club!
* * * LOW HITPOINT WARNING * * *
You barely miss the orc priest.
The orc priest is lightly wounded.
The orc priest completely misses you. The orc priest hits you with a +0 club.
* * * LOW HITPOINT WARNING * * *
You block the orc priest's attack.
You barely miss the orc priest.
The orc priest is lightly wounded.
The orc priest invokes the aid of Beogh against you.
You barely resist. The orc priest barely misses you.
The orc priest hits you with a +0 war axe.
* * * LOW HITPOINT WARNING * * *
You scratch the orc priest.
The orc priest is lightly wounded.
The orc priest hits you but does no damage.
You block the orc priest's attack.
The orc priest invokes the aid of Beogh against you.
Beogh smites you!
You die...

###.......##
####....#
#### ##..(#
...## #...##
....##
##....#
#...##
##..#...#
#...#
##..####..
#oo# ##..##
.. #@)##
##..## #.
#o..###..##
#........#
#.!......#
#..####...#
#..##
###.....
#...# #####
..#### ###


You could see 3 orc priests.

Vanquished Creatures
  3 adders
  A worm (D:2)
  2 dart slugs (D:1)
  2 leopard geckos
  3 orcs
  5 giant cockroaches
  10 goblins
  12 hobgoblins
  2 jackals (D:2)
  3 kobolds
  5 bats
  4 frilled lizards
  5 rats
57 creatures vanquished.

Notes
Turn   | Place    | Note
-------+----------+-------------------------------------------
     0 | D:1      | Kaliet the Troll Monk began the quest for the Orb.
     0 | D:1      | Reached XP level 1. HP: 22/22 MP: 0/0
   157 | D:1      | Reached XP level 2. HP: 29/29 MP: 1/1
   793 | D:2      | Found an ancient bone altar of Kikubaaqudgha.
   800 | D:2      | Reached XP level 3. HP: 36/36 MP: 2/2
  1580 | D:3      | Reached XP level 4. HP: 45/45 MP: 3/3
  1882 | D:3      | Reached skill level 4 in Unarmed Combat
  2220 | D:4      | Killed from afar by an orc priest

Illustrated notes

Levels and vault maps discovered:
D:1:      wander_arrival_abandoned_jail, layout_loops_ring
D:2:      layout_rooms, lemuel_crystal_altar
D:3:      layout_loops_ring, first_ration
D:4:      layout_layer_cave, uniq_natasha, uniq_edmund

Skill      XL: |  1  2  3  4 |
---------------+-------------+-----
Fighting       | 3 |  3.0
Dodging        | 3 |  3.0
Unarmed Combat | 4 |  4.0
Stealth        | |  1.4

Action                   |  1- 3 |  4- 6 || total
-------------------------+-------+-------++-------
Melee: Unarmed           |   119 |    28 ||   147
       Punch             |     3 |       ||     3
  Use: Scroll            |     5 |     1 ||     6
       Potion            |     1 |       ||     1
 Stab: Sleeping          |     2 |       ||     2
  Eat: Chunk             |    17 |     6 ||    23
Armor: Robe              |    42 |    12 ||    54
Dodge: Dodged            |    52 |    16 ||    68
Block: Tower shield      |       |    13 ||    13
